 Dungeon Crawl Stone Soup version 0.27.1-1-g398f81649c (webtiles) character file.

Game seed: 8186484376780468908

4260 Naeght the Spear-Bearer (level 10, -1/82 HPs)
             Began as a Merfolk Gladiator on Sept 8, 2021.
             Slain by an eight-headed hydra (9 damage)
             ... on level 6 of the Dungeon.
             The game lasted 00:15:35 (6504 turns).

Naeght the Spear-Bearer (Merfolk Gladiator)         Turns: 6504, Time: 00:15:35

Health: -1/82      AC: 14    Str: 16    XL:     10   Next: 31%
Magic:  10/10      EV: 17    Int:  9    God:
Gold:   303        SH:  0    Dex: 16    Spells: 9/9 levels left

rFire    . . .     SeeInvis .   q - +0 trident (protect)
rCold    . . .     Faith    .   (no shield)
rNeg     + + +     Spirit   .   a - +2 robe of Ecsoh {-Cast Fly rN+++ Regen+}
rPois    .         Reflect  .   c - +0 helmet
rElec    .         Harm     .   z - +1 cloak
rCorr    .         Rampage  .   (no gloves)
Will     .....     NoCast   +   (no boots)
Stlth    +.........             (no amulet)
HPRegen  1.23/turn              (no ring)
MPRegen  0.12/turn              (no ring)

@: under a protective aura, flying
A: (nimble swimmer 2), mertail
a: no special abilities


You were on level 6 of the Dungeon.
You visited 2 branches of the dungeon, and saw 8 of its levels.

You collected 400 gold pieces.
You spent 97 gold pieces at shops.

Inventory:

Hand Weapons
 q - a +0 trident of protection (weapon)
Missiles
 d - 3 throwing nets (quivered)
Armour
 a - the +2 robe of Ecsoh (worn) {-Cast Fly rN+++ Regen+}
   (You found it on level 4 of the Dungeon)

   rN:        It renders you almost immune to negative energy.
   Fly:       It grants you flight.
   -Cast:     It prevents spellcasting.
   Regen:     It increases your rate of health regeneration.
 c - a +0 helmet (worn)
 z - a +1 cloak (worn)
Wands
 s - a wand of iceblast (15)
 x - a wand of polymorph (1)
 y - a wand of digging (6)
Scrolls
 b - a scroll of torment
 f - 2 scrolls of immolation {unknown}
 h - 3 scrolls of noise {unknown}
 j - 4 scrolls of teleportation
 k - a scroll of blinking
 n - 3 scrolls of enchant armour
 o - a scroll of fog
 p - 4 scrolls of amnesia {unknown}
 r - 2 scrolls of enchant weapon {unknown}
 u - a scroll of magic mapping
 v - a scroll of brand weapon {unknown}
Potions
 e - a potion of invisibility {unknown}
 g - 4 potions of flight {unknown}
 i - 2 potions of degeneration {unknown}
 l - 6 potions of curing {unknown}
 m - a potion of heal wounds {unknown}
 t - a potion of magic {unknown}
 w - 2 potions of haste {unknown}


   Skills:
 + Level 8.5 Fighting
 * Level 14.8 Polearms
 - Level 2.0 Throwing
 + Level 9.8 Dodging


You had 9 spell levels left.
You didn't know any spells.
Your spell library contained the following spells:

 Spells                   Type           Power      Damage    Failure   Level
 Beastly Appendage        Tmut           0%         N/A       38%         1
 Corona                   Hex            0%         N/A       38%         1
 Summon Small Mammal      Summ           0%         N/A       38%         1
 Ensorcelled Hibernation  Hex/Ice        0%         N/A       52%         2
 Wereblood                Tmut           0%         N/A       52%         2
 Call Canine Familiar     Summ           0%         N/A       77%         3
 Conjure Flame            Conj/Fire      0%         6-21      77%         3
 Gell's Gravitas          Tloc           0%         N/A       77%         3
 Ignite Poison            Fire/Tmut/Pois 0%         N/A       77%         3
 Spider Form              Tmut/Pois      0%         N/A       77%         3
 Summon Guardian Golem    Hex/Summ       0%         N/A       77%         3
 Teleport Other           Tloc           0%         N/A       77%         3
 Tukima's Dance           Hex            0%         N/A       77%         3
 Sticky Flame             Conj/Fire      0%         2d3       99%         4
 Dispersal                Tloc           0%         N/A       100%        6


Dungeon Overview and Level Annotations

Branches:
Dungeon (7/15)             Temple (1/1) D:5

Altars:
Ashenzari
Cheibriados
Dithmenos
Elyvilon
Gozag
Hepliaklqana
Kikubaaqudgha
Makhleb
Nemelex Xobeh
Qazlal
Ru
Sif Muna
Trog
Uskayaw
Wu Jian
Xom
Yredelemnul
Zin
The Shining One

Shops:
D:5 *


Innate Abilities, Weirdness & Mutations

((You are quick and stealthy near water. (Stealth+, EV+, Speed+++)))
Your lower body shifts to a powerful aquatic tail in water.


Message History

The eight-headed hydra misses you.
The eight-headed hydra barely misses you.
The eight-headed hydra bites you but does no damage.
You puncture the eight-headed hydra!
Your weapon exudes an aura of protection.
The eight-headed hydra is lightly wounded.
You completely miss the eight-headed hydra.
The eight-headed hydra is lightly wounded.
The eight-headed hydra completely misses you.
The eight-headed hydra closely misses you.
The eight-headed hydra completely misses you.
The eight-headed hydra bites you.
The eight-headed hydra closely misses you.
The eight-headed hydra bites you.
* * * LOW HITPOINT WARNING * * *
The eight-headed hydra misses you.
The eight-headed hydra closely misses you.
You hit the eight-headed hydra.
The eight-headed hydra is lightly wounded.
The eight-headed hydra barely misses you. x2
The eight-headed hydra bites you but does no damage.
The eight-headed hydra bites you.
* * * LOW HITPOINT WARNING * * *
The eight-headed hydra barely misses you.
The eight-headed hydra bites you but does no damage.
The eight-headed hydra bites you!
* * * LOW HITPOINT WARNING * * *
The eight-headed hydra bites you.
* * * LOW HITPOINT WARNING * * *
You puncture the eight-headed hydra!
The eight-headed hydra is moderately wounded.
You puncture the eight-headed hydra!
The eight-headed hydra is moderately wounded.
The eight-headed hydra bites you but does no damage. x2
The eight-headed hydra bites you.
* * * LOW HITPOINT WARNING * * *
The eight-headed hydra misses you.
The eight-headed hydra bites you but does no damage.
The eight-headed hydra bites you!
You die...

#.##.......###.###...#.
##.##..#.....##.##......
#.....##.#.#..#.##...#..
#....#........#.##.#####
#.......................
#....#........#.##...#..
#....#..................
#....#...............#.#
##.###.@................
#.# #..D.......#.#...#.
#.# #.........##.......
#.# #..................
#.# ####.....##..#.....
#.## #.........###...
#..# #....##.### #...
##.# ###.......# ##.#.
#.###.(......## #..#.


You could see an eight-headed hydra.

Vanquished Creatures
  A hydra (D:7)
  A two-headed ogre (D:7)
  A cyclops (D:7)
  A troll (D:7)
  Edmund (D:6)
  A steam dragon (D:7)
  2 orc warriors
  An ice beast (D:5)
  2 necrophages
  A sky beast (D:5)
  A black bear (D:7)
  3 ogres
  A phantom (D:5)
  A centaur (D:7)
  A kobold brigand (D:7)
  Blork the orc (D:5)
  A bullfrog (D:7)
  A scorpion (D:5)
  2 water moccasin skeletons
  A killer bee (D:7)
  A centaur zombie (D:7)
  2 bullfrog zombies
  2 jellies
  3 hounds
  2 iguanas
  A scorpion zombie (D:5)
  5 orc wizards
  2 hound skeletons
  A howler monkey zombie (D:7)
  3 gnolls (D:2)
  6 adders
  2 howler monkey skeletons
  A shadow imp (D:7)
  An ufetubus (D:5)
  2 adder skeletons
  2 worms
  4 dart slugs
  15 orcs
  10 endoplasms
  4 giant cockroaches
  3 goblins
  6 hobgoblins
  2 quokkas
  6 ball pythons
  8 bats
  4 frilled lizards
  12 kobolds
  4 rats
139 creatures vanquished.

Notes
Turn   | Place    | Note
-------+----------+-------------------------------------------
     0 | D:1      | Naeght the Merfolk Gladiator began the quest for the Orb.
     0 | D:1      | Reached XP level 1. HP: 16/16 MP: 1/1
    72 | D:1      | Found a faded altar of an unknown god.
   132 | D:1      | Reached skill level 5 in Polearms
   132 | D:1      | Reached XP level 2. HP: 19/23 MP: 2/2
   828 | D:2      | Reached XP level 3. HP: 15/28 MP: 3/3
  1184 | D:2      | Reached skill level 6 in Polearms
  1349 | D:2      | Reached XP level 4. HP: 35/35 MP: 4/4
  2790 | D:3      | Reached skill level 7 in Polearms
  2981 | D:3      | Reached XP level 5. HP: 39/41 MP: 5/5
  3657 | D:4      | Identified the +2 robe of Ecsoh {-Cast Fly rN+++ Regen+}
  3709 | D:4      | Noticed a necrophage
  3720 | D:4      | Killed a necrophage
  3721 | D:4      | Reached skill level 8 in Polearms
  3721 | D:4      | Reached XP level 6. HP: 48/48 MP: 6/6
  3925 | D:4      | Reached skill level 5 in Dodging
  3995 | D:4      | Reached skill level 9 in Polearms
  3995 | D:4      | Reached XP level 7. HP: 43/55 MP: 7/7
  4153 | D:5      | Entered Level 5 of the Dungeon
  4217 | D:5      | Found a sacrificial altar of Ru.
  4280 | D:5      | Found a staircase to the Ecumenical Temple.
  4307 | D:5      | Reached skill level 5 in Fighting
  4319 | Temple   | Entered the Ecumenical Temple
  4677 | D:5      | Reached skill level 10 in Polearms
  4710 | D:5      | Reached XP level 8. HP: 59/63 MP: 8/8
  4716 | D:5      | Noticed Blork the orc
  4736 | D:5      | Killed Blork the orc
  4839 | D:5      | Found a hazy altar of Hepliaklqana.
  4885 | D:5      | Reached skill level 11 in Polearms
  4901 | D:5      | Found Kuigruf's General Store.
  4911 | D:5      | Bought a scroll of teleportation for 45 gold pieces
  4911 | D:5      | Bought a scroll of magic mapping for 52 gold pieces
  4951 | D:5      | Noticed a +0 dagger
  4952 | D:5      | Found a hide-covered altar of Uskayaw.
  4952 | D:5      | Noticed a +0 hand axe
  5066 | D:6      | Noticed Edmund
  5327 | D:6      | Killed Edmund
  5410 | D:6      | Reached skill level 12 in Polearms
  5598 | D:6      | Reached XP level 9. HP: 71/71 MP: 9/9
  5743 | D:7      | Noticed a cyclops
  5759 | D:7      | Killed a cyclops
  5784 | D:7      | Found an opulent altar of Gozag.
  5878 | D:7      | Reached skill level 13 in Polearms
  6240 | D:7      | Noticed a two-headed ogre
  6243 | D:7      | Noticed a troll
  6262 | D:7      | Killed a two-headed ogre
  6263 | D:7      | Reached skill level 14 in Polearms
  6263 | D:7      | Reached XP level 10. HP: 54/80 MP: 10/10
  6341 | D:7      | Noticed a six-headed hydra
  6362 | D:7      | Killed a six-headed hydra
  6382 | D:7      | Noticed an eight-headed hydra
  6383 | D:7      | Noticed an eight-headed hydra
  6504 | D:6      | Slain by an eight-headed hydra

Illustrated notes

Levels and vault maps discovered:
D:1:      wander_arrival_fairy_ring, layout_loops_ring,
          chequers_ecumenical_altar_simple, st_stairs_11,
          chequers_serial_rivers_micro_d, grunt_decor_arrowhead,
          kennysheep_crisscross
D:2:      layout_loops_corners, minmay_pentomino_t4
D:3:      layout_basic
D:4:      layout_cave_pools
D:5:      layout_basic, nicolae_overflow_crystal_walls, dancing_weapons_uskayaw,
          nicolae_ru_great_annihilating_truth, minmay_temple_entry_stoned_glass,
          serial_shops, shop, uniq_blork_the_orc
D:6:      layout_rooms, hangedman_decor_lopped, uniq_edmund
D:7:      minmay_the_grid_octo_triangle [minmay_the_grid_octo_empty,
          minmay_the_grid_octo_prize_star, minmay_the_grid_octo_focus],
          layout_cave_pools, nicolae_gozag_seed_capital
Temple:   regret_index_temple_generic_petals

Skill      XL: |  1  2  3  4  5  6  7  8  9 |
---------------+----------------------------+-----
Polearms       | 5 6 7 8 9 10 12 14 | 14.8
Fighting       | 3 4 5 6 8 |  8.5
Dodging        | 5 6 7 9 |  9.8
Throwing       | |  2.0

Action                   |  1- 3 |  4- 6 |  7- 9 | 10-12 || total
-------------------------+-------+-------+-------+-------++-------
Melee: Trident           |    84 |   167 |   365 |    84 ||   700
       Unarmed           |       |       |    14 |       ||    14
Throw: Throwing net      |       |       |       |     2 ||     2
  Use: Scroll            |       |     3 |     1 |       ||     4
 Stab: Sleeping          |     1 |     4 |     5 |       ||    10
       Distracted        |       |       |     1 |       ||     1
       Held in net/web   |       |       |       |     1 ||     1
Armor: Leather armour    |    21 |    17 |       |       ||    38
       Robe              |       |    18 |    95 |    37 ||   150
Dodge: Dodged            |    37 |    78 |   186 |    75 ||   376
